Unix NetHack Version 5.0.0-0 post-release - last build May 23 2026 06:08:33 (1c0ff79ee797540d5714e4e18072db0edd9e58ae,branch:main).

Game began 2026-05-25 23:15:58, ended 2026-05-26 00:04:51.

Brudee, neutral female human Tourist

 ------+-
 |......|
 |..i...|
 |...%..----
 ----...<..|
    |..$...|
    |.......
    --------

Brudee the Excursionist     St:13 Dx:11 Co:18 In:12 Wi:7 Ch:15  Neutral S:3608
Dlvl:7  $:97 HP:0(76) Pw:4(26) AC:8  Xp:7/807 T:3874  Satiated Deaf

Latest messages:
 You miss the gnome mummy.
 The gnome mummy hits!
 In what direction? .
 You feel better.
 In what direction? .
 You feel better.
 In what direction? .
 You feel better.
 You hit the gnome mummy.
 You miss the gnome mummy.
 The gnome mummy hits!
 You hit the gnome mummy.
 The gnome mummy hits!
 You miss the gnome mummy.
 The gnome mummy hits!
 You hit the gnome mummy!
 The gnome mummy hits!
 You hit the gnome mummy.
 The gnome mummy hits!
 You miss the gnome mummy.
 The gnome mummy hits!
 The gnome mummy strikes at thin air!
 In what direction? .
 You feel better.
 You miss the gnome mummy.
 The gnome mummy hits!
 The poison doesn't seem to affect the gnome mummy.
 You destroy the gnome mummy!
 You see here a mummy wrapping.
 You fail to cast the spell correctly.
 You descend the stairs.
 The gecko bites!
 You miss the gecko.
 The gecko bites!
 You kill the gecko!
 You see here a gecko corpse.
 There is a gecko corpse here; eat it? [ynq] (n) y
 Blecch!  Rotten food!
 The world spins and goes dark.
 The tengu appears next to you!
 The tengu bites!
 The tengu bites!
 The tengu bites!
 The tengu bites!
 The tengu bites!
 The tengu bites!
 You die...
 Do you want your possessions identified? [ynq] (y) y
 Do you want to see your attributes? [ynq] (y) y
 Do you want an account of creatures vanquished? [ynaq] (y) q

Inventory:
 Coins    ('$')
  $ - 97 gold pieces
 Weapons  (')')
  p - 7 blessed +0 darts (at the ready)
  a - 2 +2 darts
  m - 8 +0 darts
  F - the +0 Grimtooth (weapon in right hand)
  T - a +0 dwarvish mattock
 Armor    ('[')
  D - an uncursed +0 dwarvish iron helm
  P - an uncursed +0 pair of jumping boots (being worn)
  q - an uncursed +0 shield of shock resistance (being worn)
  j - an uncursed +0 Hawaiian shirt with a water nymph motif (being worn)
 Comestibles  ('%')
  f - an uncursed clove of garlic
  b - an uncursed cream pie
  c - 6 uncursed food rations
  R - an uncursed orange
  d - 4 uncursed tripe rations
  g - an uncursed tin of soup made from newt meat
  w - an uncursed tin of spinach
  e - 4 uncursed eggs
 Scrolls  ('?')
  H - a blessed scroll of amnesia
  u - an uncursed scroll of amnesia
  L - an uncursed scroll of confuse monster
  n - an uncursed scroll of enchant weapon
  s - an uncursed scroll of enchant weapon
  v - a blessed scroll of identify
  X - an uncursed scroll of identify
  x - an uncursed scroll of punishment
  Y - an uncursed scroll of remove curse
  S - 3 uncursed scrolls of teleportation
 Potions  ('!')
  U - an uncursed potion of extra healing
  y - an uncursed potion of gain energy
  Z - an uncursed potion of healing
  N - a cursed potion of healing
  B - a cursed potion of monster detection
  I - an uncursed potion of restore ability
  O - 2 uncursed potions of see invisible
  K - 3 uncursed potions of water
  C - a potion of unholy water
 Wands    ('/')
  t - a wand of light (0:13)
  E - a blessed wand of magic missile (0:1)
  A - a wand of magic missile (0:8)
  z - a wand of make invisible (0:8)
  G - a wand of striking (0:0)
 Tools    ('(')
  l - an uncursed credit card
  k - an expensive camera (0:81)
  W - a cursed magic lamp
  h - an uncursed magic whistle
  V - an uncursed skeleton key
 Gems/Stones  ('*')
  Q - 2 uncursed worthless pieces of blue glass

Brudee the Tourist's attributes:

Background:
 You were an Excursionist, a level 7 female human Tourist.
 You were neutral, on a mission for The Lady
 who was opposed by Blind Io (lawful) and Offler (chaotic).
 You were right-handed.
 You were in the Dungeons of Doom, on level 7.
 You entered the dungeon 3874 turns ago.
 It was the midnight hour.
 You had 807 experience points, 473 more were needed to attain level 8.
 Your score was 3608 before end-of-game adjustments.

Basics:
 You had 0 out of 76 hit points.
 You had 4 out of 26 energy points (spell power).
 Your armor class was 8.
 Your wallet contained 97 zorkmids.
 Autopickup was on for '$!=+?/"' plus thrown.

Final Characteristics:
 Your strength was 13 (limit:18/100).
 Your dexterity was 11 (peak:12, limit:18).
 Your constitution was 18 (limit:18).
 Your intelligence was 12 (limit:18).
 Your wisdom was 7 (limit:18).
 Your charisma was 15 (limit:18).

Final Status:
 You were deaf.
 You were satiated.
 You were unencumbered.
 You were wielding a dagger.
 You were unskilled in dagger.

Final Attributes:
 You were piously aligned.
 You were shock resistant.
 Your items were protected from electric shocks.
 You were poison resistant.
 You were aware of the presence of elves.
 You were invisible.
 You could jump.
 You are dead.

Miscellaneous:
 You didn't encounter any bones levels.
 Total elapsed playing time was 48 minutes and 53 seconds.

Major events:
 Turn
    1: Brudee the neutral female human Tourist entered the dungeon
 1125: attained the rank of Sightseer (level 3)
 1183: stole 9165 zorkmids worth of merchandise from Pakka Pakka's general store
 1257: entered the Gnomish Mines
 1570: attained the rank of Excursionist (level 6)
 1810: reached Mine Town
 3278: found Grimtooth on the floor
 3874: killed by a tengu, while unconscious from rotten food

Spells:
 Name                 Level Category     Fail Retention
 light                  1   divination    33%  76%-100%
 healing                1   healing       40%  76%-100%

Skills:
 Fighting Skills
   bare handed combat [Unskilled]
   two weapon combat  [Unskilled]
   riding             [Unskilled]
 Weapon Skills
   dagger             [Unskilled]
   knife              [Unskilled]
   axe                [Unskilled]
   pick-axe           [Basic]
   short sword        [Unskilled]
   broadsword         [Unskilled]
   long sword         [Unskilled]
   two-handed sword   [Unskilled]
   saber              [Unskilled]
   mace               [Unskilled]
   morning star       [Unskilled]
   flail              [Unskilled]
   hammer             [Unskilled]
   quarterstaff       [Unskilled]
   polearms           [Unskilled]
   spear              [Unskilled]
   trident            [Unskilled]
   lance              [Unskilled]
   bow                [Unskilled]
   sling              [Unskilled]
   crossbow           [Unskilled]
   dart               [Skilled]
   shuriken           [Unskilled]
   boomerang          [Unskilled]
   whip               [Unskilled]
   unicorn horn       [Unskilled]
 Spellcasting Skills
   divination spells  [Unskilled]
   enchantment spells [Unskilled]
   escape spells      [Unskilled]

Voluntary challenges:
 Character rerolling was not enabled.
 You never genocided any monsters.
 You never polymorphed an object.
 You never changed form.
 You used no wishes.
Achievements:
 You entered a shop.
 You attained the rank of Sightseer.
 You entered the Gnomish Mines.
 You attained the rank of Excursionist.
 You entered Minetown.
 You entered a temple.

 The Dungeons of Doom: levels 1 to 7
    Level 1:
    Level 2:
       A general store.
       Stairs down to The Gnomish Mines.
    Level 3:
       A fountain.
    Level 4:
       A sink.
    Level 5:
       A general store, many fountains.
    Level 6:
    Level 7: <- You were here.
       Final resting place for
          you, killed by a tengu, while unconscious from rotten food.
 The Gnomish Mines: levels 3 to 7
    Level 3:
    Level 4:
    Level 5:
    Level 6:
       Some shops, a temple and an altar, some fountains.
    Level 7:


Vanquished creatures:
  a large mimic
  a small mimic
  a quivering blob
  a leprechaun
  a gnome ruler
  a blue jelly
  a gnome mummy
  a human zombie
 an orc shaman
  a rock piercer
  3 rock moles
  a yellow light
  2 gnome leaders
  a gnomish wizard
  2 elf zombies
  3 dwarves
  a kobold leader
  2 Kop Sergeants
  2 dwarf zombies
 an iguana
  4 coyotes
  a hobbit
  2 giant rats
  5 cave spiders
  a brown mold
  a yellow mold
 26 gnomes
  4 Keystone Kops
  2 geckos
  8 jackals
  a fox
  a kobold
  4 goblins
  a grid bug
  6 lichens
  a kobold zombie
  7 newts
103 creatures vanquished.

No species were genocided or became extinct.

Game over:
                       ----------
                      /          \
                     /    REST    \
                    /      IN      \
                   /     PEACE      \
                  /                  \
                  |      Brudee      |
                  |      97 Au       |
                  |   killed by a    |
                  |      tengu       |
                  |                  |
                  |                  |
                  |       2026       |
                 *|     *  *  *      | *
        _________)/\\_//(\/(/\)/\//\/|_)_______

Aloha Brudee the Tourist...

You died in The Dungeons of Doom on dungeon level 7 with 3608 points,
and 97 pieces of gold, after 3874 moves.
You were level 7 with a maximum of 76 hit points when you died.

